 Dungeon Crawl Stone Soup version 0.31-a0-4-gefa6de2278 (webtiles) character file.

Game seed: 9396337460709474816

7314 Pimp the Firebug (level 10, -9/69 HPs)
             Began as a Demonspawn Fire Elementalist on May 3, 2023.
             Was a Priest of Vehumet.
             Mangled by an orc warlord
             ... wielding a +5 battleaxe
              (27 damage)
             ... in a bailey.
             The game lasted 00:46:36 (13477 turns).

Pimp the Firebug (Demonspawn Fire Elementalist)    Turns: 13477, Time: 00:46:37

Health: -9/69      AC:  9    Str: 11    XL:     10   Next: 90%
Magic:  12/20      EV: 20    Int: 20    God:    Vehumet [***...]
Gold:   731        SH:  4    Dex: 18    Spells: 7/22 levels left

rFire   . . .        q - +2 long sword (freeze)
rCold   + + .        (no shield)
rNeg    . . .        n - +1 leather armour of Itakiaseicu {rC+ Str+2}
rPois   .            x - +2 helmet
rElec   .            (no cloak)
rCorr   .            j - +1 pair of gloves
SInv    .            (no boots)
Will    .....        (no amulet)
Stlth   +++++        r - ring of wizardry
HPRegen 0.31/turn    b - ring of protection from cold
MPRegen 0.17/turn

%: wizardry (x1)
@: agile
A: thin skeletal structure 2, powered by pain 1, condensation shield, demonic
touch 2
a: Renounce Religion


You were in a bailey.
You worshipped Vehumet.
Vehumet was most pleased with you.
You visited 2 branches of the dungeon, and saw 11 of its levels.
You also visited: Bailey.

You collected 731 gold pieces.

Inventory:

Hand Weapons
 d - a +0 dagger
 g - a +1 short sword of freezing
 h - a +5 scimitar
 q - a +2 long sword of freezing (weapon)
Missiles
 u - 2 throwing nets
Armour
 a - a +0 robe
 j - a +1 pair of gloves (worn)
 n - the +1 leather armour of Itakiaseicu (worn) {rC+ Str+2}
   (You found it on level 2 of the Dungeon)

   Str:       It affects your strength (+2).
   rC:        It protects you from cold.
 x - a +2 helmet (worn)
Jewellery
 b - a ring of protection from cold (right hand)
 f - a ring of protection from cold
 r - a ring of wizardry (left hand)
Wands
 y - a wand of quicksilver (6)
 z - a wand of roots (7) (quivered)
Scrolls
 i - a scroll of poison
 k - 2 scrolls of immolation
 m - 3 scrolls of magic mapping
 A - 2 scrolls of identify
Potions
 p - a potion of cancellation {unknown}
 s - 8 potions of lignification
 v - 2 potions of flight {unknown}
 w - a potion of heal wounds {unknown}


   Skills:
 + Level 2.8 Fighting
 + Level 2.3 Short Blades
 + Level 2.5 Armour
 + Level 6.8 Dodging
 - Level 6.7 Stealth
 + Level 6.8 Spellcasting
 + Level 7.1 Conjurations
 * Level 7.7 Fire Magic


You had 7 spell levels left.
You knew the following spells:

 Your Spells              Type           Power      Damage    Failure   Level
a - Foxfire               Conj/Fire      100%       2x1d9     1%          1
b - Scorch                Fire           74%        2d8       1%          2
c - Inner Flame           Hex/Fire       22%        N/A       1%          3
d - Sticky Flame          Conj/Fire      36%        2d6       1%          4
e - Sandblast             Erth           12%        2d6       1%          1
f - Flame Wave            Conj/Fire      36%        2d10      1%          4

Your spell library contained the following spells:

 Spells                   Type           Power      Damage    Failure   Level
 Hailstorm                Conj/Ice       21%        3d6       1%          3
 Ignite Poison            Fire/Tmut/Pois 17%        N/A       1%          3
 Volatile Blastmotes      Fire/Tloc      44%        2d13      1%          3
 Apportation              Tloc           12%        N/A       5%          1
 Necrotise                Necr           24%        1d5       5%          1
 Summon Small Mammal      Summ           24%        N/A       5%          1
 Cigotuvi's Dreadful Rot  Necr/Pois/Air  12%        N/A       8%          2
 Ensorcelled Hibernation  Hex/Ice        12%        N/A       8%          2
 Lesser Beckoning         Tloc           12%        N/A       8%          2
 Freezing Cloud           Conj/Ice/Air   8%         6-21      14%         5
 Gell's Gravitas          Tloc           6%         N/A       16%         3
 Spider Form              Tmut/Pois      6%         N/A       16%         3
 Teleport Other           Tloc           6%         N/A       16%         3
 Anguish                  Hex/Necr       3%         N/A       43%         4
 Summon Cactus Giant      Summ           3%         N/A       99%         6


Dungeon Overview and Level Annotations

Branches:
Dungeon (10/15)            Temple (1/1) D:6            Lair (0/5) D:8
 Bailey (1/1)
    Orc: D:9-12

Altars:
Ashenzari
Cheibriados
Dithmenos
Fedhas
Gozag
Hepliaklqana
Kikubaaqudgha
Makhleb
Nemelex Xobeh
Okawaru
Qazlal
Ru
Sif Muna
Trog
Uskayaw
Vehumet
Wu Jian
Xom
Yredelemnul

Shops:
D:7 (


Innate Abilities, Weirdness & Mutations

You have a moderately thin skeletal structure. (Dex +4, Stealth++)
You sometimes gain a little power by taking damage.
A meltable shield of frost defends you. (SH +4)
Your touch may inflict irresistible damage on your foes.


Message History

Confirm with . or Enter, or press ? or * to list all spells.
You can't see any susceptible monsters within range! (Use Z to cast anyway.)
Casting: Foxfire (safe; 1% risk of failure)
Confirm with . or Enter, or press ? or * to list all spells.
You conjure some foxfire!
Casting: Foxfire (safe; 1% risk of failure)
Confirm with . or Enter, or press ? or * to list all spells.
Flames lash the orc warlord.
The orc warlord is lightly wounded.
The orc warlord's fire resistance burns away.
The foxfire hits the orc warlord!
The orc warlord is burned terribly!
The orc warlord is moderately wounded.
The foxfire hits the orc warlord!
The orc warlord is burned terribly!
The orc warlord is moderately wounded.
Aiming: Fastroot
Press: ? - help, Q - select action, (/) - cycle Shift-Dir - straight line, f/p - orc warlord
Aim: an orc warlord, wielding a +5 battleaxe and wearing a +0 plate armour (moderately wounded, more vulnerable to fire)
The roots erupt in riotous growth!
Roots grab the orc warlord.
The grasping roots constrict the orc warlord, but do no damage.
The orc warlord struggles to escape constriction.
Casting: Scorch (safe; 1% risk of failure)
Confirm with . or Enter, or press ? or * to list all spells.
Flames lash the orc warlord but do no damage.
The grasping roots constrict the orc warlord.
The roots release their grip on the orc warlord.
A hobgoblin comes into view. It is wielding a +0 hand axe.
The orc warlord attacks as you move away!
The orc warlord hits you with a +5 battleaxe!!
* * * LOW HITPOINT WARNING * * *
You focus on the pain.
You feel your power returning.
The orc warlord is no longer more vulnerable to fire.
There is a gate leading back out of this place, spattered with blood here.
Casting: Scorch (safe; 1% risk of failure)
Confirm with . or Enter, or press ? or * to list all spells.
Flames lash the orc warlord.
The orc warlord is moderately wounded.
The orc warlord's fire resistance burns away.
The orc warlord hits you with a +5 battleaxe!!
You die...

##.))......##
#.....))g.#
##..)....##
#..))...#
##.....##
♣♣##')'##♣
♣........♣
♣♣...o...♣♣
♣....@....♣
♣♣.........♣
♣.....∩....♣
♣..........♣
♣♣♣♣.....♣♣♣
♣♣....♣
♣♣♣♣♣♣


You could see an orc warlord (combustible) and a hobgoblin.

Vanquished Creatures
  A two-headed ogre (D:8)
  An orc knight (Bailey)
  Joseph (D:7)
  A troll (D:9)
  Grinder (D:3)
  Sigmund (D:2)
  A wyvern (D:8)
  2 steam dragons
  A vampire mosquito (D:9)
  A water moccasin (D:6)
  4 ice beasts
  3 sky beasts
  4 black bears
  10 orc warriors (Bailey)
  An ogre (D:4)
  2 centaurs
  3 phantoms
  4 kobold brigands
  2 bullfrogs
  A gnoll sergeant (D:6)
  5 wights
  4 scorpions
  5 killer bees (D:8)
  6 hounds
  2 jellies
  2 gnoll boudas
  An orc priest (D:4)
  5 iguanas
  A sleepcap (Temple)
  Natasha (thrice) (D:2)
  2 orc wizards
  7 adders
  34 gnolls
  3 shadow imps
  2 white imps
  A worm (D:4)
  3 dart slugs
  18 orcs
  7 ball pythons
  5 bats
  6 endoplasms
  5 giant cockroaches
  21 goblins
  17 hobgoblins
  10 jackals
  5 quokkas
  5 frilled lizards
  51 kobolds
  5 rats
286 creatures vanquished.

Vanquished Creatures (others)
  An orc (D:4)
  177 foxfires
178 creatures vanquished.

Grand Total: 464 creatures vanquished

Notes
Turn   | Place    | Note
-------+----------+-------------------------------------------
     0 | D:1      | Pimp the Demonspawn Fire Elementalist began the quest for
                  | the Orb.
     0 | D:1      | Reached XP level 1. HP: 13/13 MP: 3/3
   169 | D:1      | Gained mutation: You have a somewhat thin skeletal
                  | structure. (Dex +2, Stealth+) [demonic ancestry]
   169 | D:1      | Reached XP level 2. HP: 19/19 MP: 3/5
   739 | D:1      | Gained mutation: You have a moderately thin skeletal
                  | structure. (Dex +4, Stealth++) [demonic ancestry]
   739 | D:1      | Reached XP level 3. HP: 24/24 MP: 3/6
   742 | D:1      | Learned a level 2 spell: Scorch
  1427 | D:2      | Noticed Natasha
  1432 | D:2      | Killed Natasha
  1608 | D:2      | Noticed a phantom
  1614 | D:2      | Killed a phantom
  1615 | D:2      | Gained mutation: You sometimes gain a little power by
                  | taking damage. [demonic ancestry]
  1615 | D:2      | Reached XP level 4. HP: 27/30 MP: 2/8
  1727 | D:2      | Gained mutation: Your touch may inflict minor irresistible
                  | damage on your foes. [demonic ancestry]
  1727 | D:2      | Reached XP level 5. HP: 35/35 MP: 6/9
  1796 | D:2      | Noticed Natasha
  1806 | D:2      | Killed Natasha
  1878 | D:2      | Learned a level 3 spell: Inner Flame
  1897 | D:2      | Noticed Sigmund
  2601 | D:2      | Identified the +1 leather armour of Itakiaseicu {rC+ Str+2}
  2666 | D:2      | Noticed Terence
  2760 | D:2      | Noticed Natasha
  2775 | D:2      | Killed Natasha
  2810 | D:1      | HP: 1/35 [Terence/+0 mace (10)]
  2955 | D:2      | Killed Sigmund
  2956 | D:2      | Gained mutation: Your touch may inflict irresistible damage
                  | on your foes. [demonic ancestry]
  2956 | D:2      | Reached XP level 6. HP: 41/41 MP: 1/10
  3206 | D:3      | Noticed Grinder
  3216 | D:3      | Killed Grinder
  3217 | D:3      | Reached XP level 7. HP: 46/46 MP: 1/12
  3334 | D:3      | Found an ancient bone altar of Kikubaaqudgha.
  3468 | D:3      | Found a blossoming altar of Fedhas.
  3501 | D:3      | Found an ornate altar of the Wu Jian Council.
  3501 | D:3      | Found a snail-covered altar of Cheibriados.
  3504 | D:3      | Found an opulent altar of Gozag.
  3504 | D:3      | Found a shimmering blue altar of Sif Muna.
  3590 | D:3      | Found a sacrificial altar of Ru.
  3835 | D:3      | Found a stormy altar of Qazlal.
  4008 | D:3      | Found a shadowy altar of Dithmenos.
  4224 | D:4      | Noticed a steam dragon
  4405 | D:4      | Found a broken altar of Ashenzari.
  5004 | D:4      | Killed a steam dragon
  5005 | D:4      | Reached XP level 8. HP: 12/52 MP: 11/14
  6528 | D:4      | Reached skill level 5 in Fire Magic
  6642 | D:4      | Reached skill level 5 in Stealth
  7224 | D:5      | Entered Level 5 of the Dungeon
  7561 | D:5      | Learned a level 4 spell: Sticky Flame
  7613 | D:5      | Reached skill level 5 in Conjurations
  7622 | D:5      | Reached skill level 5 in Dodging
  7622 | D:5      | Reached skill level 5 in Spellcasting
  8237 | D:5      | Reached XP level 9. HP: 37/57 MP: 9/16
  8371 | D:6      | Found a staircase to the Ecumenical Temple.
  8389 | Temple   | Entered the Ecumenical Temple
  8394 | Temple   | Became a worshipper of Vehumet
  9132 | D:6      | Found a burning altar of Makhleb.
  9987 | D:7      | Reached * piety under Vehumet
  9987 | D:7      | Offered knowledge of Sandblast by Vehumet.
  9991 | D:7      | Learned a level 1 spell: Sandblast
  9996 | D:7      | Learned a level 4 spell: Flame Wave
 10270 | D:7      | Noticed Joseph
 10274 | D:7      | Found a sparkling altar of Nemelex Xobeh.
 10282 | D:7      | Killed Joseph
 10718 | D:7      | Gained mutation: A meltable shield of frost defends you.
                  | (SH +4) [demonic ancestry]
 10718 | D:7      | Reached XP level 10. HP: 45/63 MP: 14/19
 10812 | D:7      | Found Jyjibb's Weapon Shoppe.
 10996 | D:8      | Found a staircase to the Lair.
 11777 | D:8      | Noticed a two-headed ogre
 11794 | D:8      | Offered knowledge of Freeze by Vehumet.
 11795 | D:8      | Reached skill level 1 in Fighting
 11795 | D:8      | Reached ** piety under Vehumet
 11796 | D:8      | Reached skill level 1 in Short Blades
 11796 | D:8      | Reached skill level 1 in Armour
 11802 | D:8      | Killed a two-headed ogre
 11977 | D:8      | Found an iron altar of Okawaru.
 12066 | D:8      | Found a hide-covered altar of Uskayaw.
 12477 | D:9      | Noticed a boulder beetle
 12479 | D:9      | Noticed a manticore
 12630 | D:10     | Entered Level 10 of the Dungeon
 12630 | D:10     | Found a flagged portal.
 12666 | Bailey   | Entered a bailey
 13063 | Bailey   | Offered knowledge of Hailstorm by Vehumet.
 13173 | Bailey   | Noticed an orc knight
 13195 | Bailey   | Killed an orc knight
 13227 | Bailey   | Reached *** piety under Vehumet
 13460 | Bailey   | Noticed an orc warlord
 13477 | Bailey   | Mangled by an orc warlord

Illustrated notes

Levels and vault maps discovered:
D:1:      elethiomel_arrival_infinity_welcomes_careful_drivers,
          layout_loops_ring
D:2:      layout_basic, uniq_terence, uniq_sigmund, uniq_natasha
D:3:      layout_basic, mainiacjoe_overflow_alcove_3, nicolae_ru_awakened_eye,
          nicolae_qazlal_eye_of_the_storm, pf_just_have_faith,
          nicolae_kikubaaqudgha_miasma_corner, fedhas_altar_1,
          kennysheep_decorative_pillar, cheibrodos_gnoll_hut, uniq_grinder
D:4:      minmay_goblin_kobold_castle, layout_rooms, nicolae_ashenzari_skybound,
          kennysheep_generic_room_2
D:5:      layout_loops_ring, minmay_misc_feat_four_crosses
D:6:      layout_basic, mainiacjoe_overflow_chevrons,
          minmay_temple_entry_sparse_star, minmay_ruined_shrine
D:7:      layout_basic, amcnicky_altar_gilded, serial_shops,
          nicolae_shop_bloodbath_and_beyond, uniq_joseph
D:8:      layout_basic, mainiacjoe_overflow_small_starburst,
          okawaru_metal_pillars_3
D:9:      nzn_winding_woodlands_small [nzn_winding_woodlands_5x15_sawtooth,
          nzn_winding_woodlands_center_triple_pond,
          nzn_winding_woodlands_5x15_crooked], layout_basic, lemuel_round_altar,
          nicolae_tso_carved_into_rock
D:10:     layout_basic, enter_bailey_5, minmay_misc_feat_doors,
          bh_circular_ruins
Temple:   hellmonk_temple_micro_hex
Bailey:   bailey_axe_minmay_hex_keep, bailey

Skill      XL: |  1  2  3  4  5  6  7  8  9 10 |
---------------+-------------------------------+-----
Stealth        | 2 3 4 5 6 |  6.7
Dodging        | 2 3 4 5 6 |  6.8
Fire Magic     | 3 4 5 6 7 |  7.7
Conjurations   | 2 3 4 5 6 7 |  7.1
Spellcasting   | 3 4 5 6 |  6.8
Fighting       | 2 |  2.8
Short Blades   | 2 |  2.3
Armour         | 2 |  2.5

Action                     |  1- 3 |  4- 6 |  7- 9 | 10-12 || total
---------------------------+-------+-------+-------+-------++-------
  Melee: Dagger            |     2 |       |       |       ||     2
         Short sword       |    41 |    17 |    60 |     2 ||   120
         Punch             |     1 |       |       |     1 ||     2
         Touch             |       |     2 |    13 |     3 ||    18
         Long sword        |       |       |       |    27 ||    27
         Scimitar          |       |       |       |     2 ||     2
   Cast: Foxfire           |    30 |     2 |    33 |    42 ||   107
         Scorch            |     6 |    36 |   257 |    90 ||   389
         Sticky Flame      |       |       |     1 |     1 ||     2
         Flame Wave        |       |       |       |     5 ||     5
  Evoke: Wand              |       |       |       |     2 ||     2
    Use: Scroll            |       |     7 |     6 |     7 ||    20
         Potion            |       |       |     7 |     5 ||    12
   Stab: Sleeping          |     8 |     5 |    10 |     4 ||    27
 Armour: Robe              |    14 |     6 |       |       ||    20
         Leather armour    |       |     4 |    59 |    18 ||    81
  Dodge: Dodged            |    36 |    28 |   202 |    88 ||   354
  Block: Other             |       |       |       |    11 ||    11

Table legend: (Time is in decaauts)
 A = Elapsed time spent in this place.
 B = Non-inter-level travel time spent in this place.
 C = Inter-level travel time spent in this place.
 D = Time resting spent in this place.
 E = Time spent auto-exploring this place.
 F = Levels seen in this place.
 G = Mean time per level.
                   A        B        C        D        E       F      G
               +--------+--------+--------+--------+--------+-----+--------+
         Total |  13509 |  13125 |    384 |   5169 |   5181 |  12 | 1125.8 |
       Dungeon |  12506 |  12122 |    384 |   4455 |   5177 |  10 | 1250.6 |
        Temple |    187 |    187 |      0 |    156 |      0 |   1 |  187.0 |
        Bailey |    815 |    815 |      0 |    558 |      4 |   1 |  815.0 |
               +--------+--------+--------+--------+--------+-----+--------+

Top non-repeatable levels by time:
     D:4: 2598 daAuts
     D:1: 1658 daAuts
     D:7: 1580 daAuts
     D:3: 1540 daAuts
     D:6: 1457 daAuts
     D:2: 1445 daAuts
     D:5: 1056 daAuts
  Bailey: 815 daAuts
     D:8: 795 daAuts
     D:9: 337 daAuts
  Temple: 187 daAuts
    D:10: 36 daAuts
